 Dungeon Crawl Stone Soup version 0.30.0-29-ga12c61a403 (webtiles) character file.

Game seed: 6119317751557823127

1318 McKennaii the Trooper (level 8, -8/64 HPs)
             Began as a Demonspawn Fighter on June 4, 2023.
             Mangled by an orc warrior
             ... wielding a +0 halberd
              (11 damage)
             ... on level 6 of the Dungeon.
             The game lasted 00:06:06 (7122 turns).

McKennaii the Trooper (Demonspawn Fighter)          Turns: 7122, Time: 00:06:06

Health: -8/64      AC: 13    Str: 18    XL:     8   Next: 33%
Magic:  8/8        EV:  7    Int:  9    God:
Gold:   235        SH: 10    Dex: 14    Spells: 7/7 levels left

rFire   . . .        a - +0 trident
rCold   . . .        c - +0 buckler
rNeg    . . .        t - +2 chain mail {rPois}
rPois   +            A - +0 helmet
rElec   .            (no cloak)
rCorr   .            (no gloves)
SInv    .            (no boots)
Will    .....        m - amulet of reflection Stlth
                     (no ring)
HPRegen 0.30/turn    (no ring)
MPRegen 0.11/turn

%: reflection
@: no status effects
A: powered by death 1, demonic touch 2
a: no special abilities


You were on level 6 of the Dungeon.
You visited 1 branch of the dungeon, and saw 7 of its levels.

You collected 359 gold pieces.
You spent 124 gold pieces at shops.

Inventory:

Hand Weapons
 a - a +0 trident (weapon)
Missiles
 x - 2 throwing nets (quivered)
Armour
 c - a +0 buckler (worn)
 t - a +2 chain mail of poison resistance (worn)
 A - a +0 helmet (worn)
Jewellery
 m - an amulet of reflection (around neck)
 v - a ring of fire
Wands
 q - a wand of roots (15)
 u - a wand of flame (7)
Scrolls
 h - a scroll of enchant weapon {unknown}
 i - a scroll of enchant armour {unknown}
 j - a scroll of summoning {unknown}
 l - 4 scrolls of identify {unknown}
 n - 5 scrolls of teleportation {unknown}
 p - a scroll of immolation {unknown}
 w - a scroll of vulnerability {unknown}
 y - a scroll of fog {unknown}
 B - a scroll of brand weapon {unknown}
 C - a scroll of magic mapping {unknown}
Potions
 b - a potion of ambrosia {unknown}
 d - 2 potions of might
 e - 4 potions of heal wounds
 f - 2 potions of attraction {unknown}
 g - a potion of mutation {unknown}
 k - 3 potions of degeneration {unknown}
 r - a potion of brilliance {unknown}
 s - 3 potions of curing
 z - a potion of lignification {unknown}


   Skills:
 + Level 5.8 Fighting
 + Level 4.9 Polearms
 + Level 5.3 Armour
 + Level 5.3 Shields


You had 7 spell levels left.
You didn't know any spells.
Your spell library contained the following spells:

 Spells                   Type           Power      Damage    Failure   Level
 Foxfire                  Conj/Fire      0%         2x1d4     99%         1
 Magic Dart               Conj           0%         1d3       99%         1
 Vhi's Electric Charge    Tloc/Air       0%         N/A       100%        3
 Arcjolt                  Conj/Air       0%         1d10      100%        5
 Fireball                 Conj/Fire      0%         3d3       100%        5
 Plasma Beam              Fire/Air       0%         2x1d11    100%        6
 Starburst                Conj/Fire      0%         6d3       100%        6
 Maxwell's Capacitive Co  Air            0%         ∞         100%        8


Dungeon Overview and Level Annotations

Branches:
Dungeon (7/15)
 Temple: D:4-7

Altars:
Kikubaaqudgha
Sif Muna
Trog
Vehumet
Wu Jian

Shops:
D:2 ?   D:3 *


Innate Abilities, Weirdness & Mutations

You regenerate a little health from kills.
Your touch may inflict irresistible damage on your foes.


Message History

The orc hits you but does no damage. You block the orc warrior's attack.
You closely miss the orc warrior.
The orc warrior is severely wounded.
You block the orc's attack.
The orc warrior hits you with a +0 halberd!
You hit the orc warrior but do no damage.
The orc warrior is severely wounded.
The orc warrior hits you with a +0 halberd.
You block the orc's attack.
You closely miss the orc warrior.
The orc warrior is severely wounded.
The orc hits you with a +0 club.
The orc warrior hits you with a +0 halberd!
* * * LOW HITPOINT WARNING * * *
You hit the orc warrior.
The orc warrior is almost dead.
You block the orc warrior's attack. The orc hits you with a +0 club.
* * * LOW HITPOINT WARNING * * *
The orc warrior hits you with a +0 halberd.
* * * LOW HITPOINT WARNING * * *
The orc closely misses you.
You hit the orc warrior but do no damage.
The orc warrior is almost dead.
The orc hits you but does no damage.
The orc warrior hits you but does no damage.
Unknown command.
You closely miss the orc warrior.
The orc warrior is almost dead.
You block the orc warrior's attack. The orc hits you but does no damage.
You hit the orc warrior.
The orc warrior is almost dead.
The orc hits you with a +0 club.
* * * LOW HITPOINT WARNING * * *
The orc warrior hits you with a +0 halberd!
* * * LOW HITPOINT WARNING * * *
You barely miss the orc warrior.
The orc warrior is almost dead.
The orc hits you but does no damage.
The orc warrior hits you with a +0 halberd!
You die...

~.....#####...#..................
~.........#...######.............
...###....#........#.............
..## #.............#.............
..# #....##.###...#.............
..####.........#...#.............
..#..#####.....#+###.............
..#..#...#.....[o................
..#..#...#.....[@................
..#'####.#......o................
.................................
.................................
...............#####.............
...............'...#.............
######.........#...#.............
.#...###############.............
.#....# #....#...........<..####


You could see an orc warrior and an orc.

Vanquished Creatures
  An ice beast (D:5)
  A black bear (D:5)
  2 ogres (D:6)
  2 phantoms
  2 scorpions
  An electric eel (D:6)
  A gnoll bouda (D:5)
  An orc priest (D:3)
  3 hounds
  3 jellies
  5 iguanas
  An orc wizard (D:6)
  7 gnolls
  9 adders
  2 ufetubi
  3 worms
  7 orcs
  7 ball pythons
  7 endoplasms
  4 giant cockroaches
  6 goblins
  16 hobgoblins
  3 jackals
  5 kobolds
  2 quokkas
  3 bats (D:1)
  2 frilled lizards
  5 rats
111 creatures vanquished.

Notes
Turn   | Place    | Note
-------+----------+-------------------------------------------
     0 | D:1      | McKennaii the Demonspawn Fighter began the quest for the
                  | Orb.
     0 | D:1      | Reached XP level 1. HP: 18/18 MP: 1/1
   178 | D:1      | Gained mutation: Your touch may inflict minor irresistible
                  | damage on your foes. [demonic ancestry]
   178 | D:1      | Reached XP level 2. HP: 22/24 MP: 2/2
   836 | D:2      | Reached XP level 3. HP: 29/29 MP: 3/3
   860 | D:2      | Found a faded altar of an unknown god.
  1240 | D:2      | Found Catzopreah's Magic Scroll Shoppe.
  1249 | D:2      | Bought a scroll of fear for 44 gold pieces
  1833 | D:3      | Noticed a phantom
  1839 | D:2      | Reached XP level 4. HP: 28/35 MP: 4/4
  2024 | D:3      | Killed a phantom
  2025 | D:3      | Gained mutation: Your touch may inflict irresistible damage
                  | on your foes. [demonic ancestry]
  2025 | D:3      | Reached XP level 5. HP: 42/42 MP: 5/5
  2307 | D:3      | Found an ancient bone altar of Kikubaaqudgha.
  2307 | D:3      | Found a shimmering blue altar of Sif Muna.
  2313 | D:3      | Found a radiant altar of Vehumet.
  2318 | D:3      | Got Vehumet's Almanac of the Shot
  2567 | D:3      | Found Lixziero's General Store.
  2574 | D:3      | Bought a potion of curing for 30 gold pieces
  2574 | D:3      | Bought a potion of heal wounds for 50 gold pieces
  3830 | D:4      | Reached XP level 6. HP: 48/48 MP: 6/6
  4002 | D:5      | Entered Level 5 of the Dungeon
  4979 | D:5      | Found a bloodstained altar of Trog.
  5026 | D:5      | Found an ornate altar of the Wu Jian Council.
  5127 | D:6      | Gained mutation: You regenerate a little health from kills.
                  | [demonic ancestry]
  5127 | D:6      | Reached XP level 7. HP: 41/55 MP: 7/7
  5221 | D:5      | Reached skill level 5 in Fighting
  6089 | D:6      | Reached skill level 5 in Armour
  6089 | D:6      | Reached skill level 5 in Shields
  6089 | D:6      | Reached XP level 8. HP: 15/63 MP: 8/8
  7121 | D:6      | HP: 2/64 [orc warrior/+0 halberd (7)]
  7122 | D:6      | Mangled by an orc warrior

Illustrated notes

Levels and vault maps discovered:
D:1:      dpeg_arrival_stone_temple_mockup, layout_loops_ring, st_stairs_6,
          kennysheep_minor_cross, hangedman_abyss_or_decor_stabs,
          corexii_hall_statues_x
D:2:      layout_basic, serial_bayou, serial_bayou_pond_a, serial_bayou_shore_b,
          serial_bayou_crossing, serial_bayou_lagoon_a, serial_shops, shop,
          nicolae_ecumenical_lake_church
D:3:      layout_basic, grunt_temple_overflow_magic_moments, serial_shops,
          nicolae_shop_rolling_square, nrook_mini_vaults, minmay_checkerbox
D:4:      layout_rooms, chequers_serial_rivers_small_3, sigmund_army
D:5:      layout_basic, tso_altar, mainiacjoe_overflow_alcove_1,
          lemuel_doored_altar, bh_walls_and_bars
D:6:      layout_gridville, nrook_pool_corridor, serial_park_tiny_pond
D:7:      cheibrodos_statue_roulette, layout_loops_ring,
          mainiacjoe_overflow_concentric_impassable,
          eat_drink_and_be_merry_uskayaw, minmay_temple_entry_fiery,
          enter_bailey_6

Skill      XL: |  1  2  3  4  5  6  7 |
---------------+----------------------+-----
Polearms       | 2 3 4 |  4.9
Shields        | 3 4 5 |  5.3
Armour         | 3 4 5 |  5.3
Fighting       | 4 5 |  5.8

Action                     |  1- 3 |  4- 6 |  7- 9 || total
---------------------------+-------+-------+-------++-------
  Melee: Trident           |   134 |   270 |   170 ||   574
  Evoke: Wand              |       |       |     4 ||     4
    Use: Scroll            |       |       |     1 ||     1
 Armour: Scale mail        |    41 |       |       ||    41
         Chain mail        |     6 |   110 |    76 ||   192
  Dodge: Dodged            |    32 |    74 |    55 ||   161
  Block: Buckler           |    22 |   143 |   100 ||   265
         Reflection        |     1 |     1 |       ||     2
